 Dungeon Crawl Stone Soup version 0.31.0-12-g77e489cdc1 (console) character file.

Game seed: 7759894314498638957

285410 mursu the Severer (level 19, -1/144 (167) HPs)
             Began as a Demigod Fighter on Mar 5, 2024.
             Slain by an imperial myrmidon
             ... wielding a +0 scimitar
              (17 damage)
             ... in the Desolation of Salt on Mar 7, 2024.
             The game lasted 05:13:44 (40905 turns).

mursu the Severer (Demigod Fighter)                Turns: 40905, Time: 05:13:45

HP:   -1/144 (167)  AC: 36    Str: 40    XL:     19   Next: 7%
MP:   22/22         EV: 14    Int: 21    God:
Gold: 803           SH: 13    Dex: 13    Spells: 22/28 levels left

rFire   + + +        a - +7 broad axe (elec)
rCold   + + +        H - +2 kite shield {reflect}
rNeg    . . .        p - +5 gold dragon scales
rPois   +            M - +1 helmet
rElec   .            y - +0 cloak "Moxzam" {rC+ Str+2}
rCorr   .            l - +1 pair of gloves of Guboerph {rC+ Int+3}
SInv    .            k - +1 pair of boots
Will    .....        E - amulet of the acrobat Stlth
                     Q - ring "Kiresezy" {Fly rF++ MP-9 Str+5}
HPRegen 0.44/turn    L - +5 ring of evasion
MPRegen 0.18/turn

%: reflection, acrobat
@: weak-willed, flying, hasted and slowed, heavily drained
A: high MP 1, forlorn, divine attributes
}: 2/15 runes: serpentine, barnacled
a: no special abilities


You were in the Desolation of Salt.
You visited 6 branches of the dungeon, and saw 32 of its levels.
You also visited: Bailey, Ice Cave, Volcano and Desolation.

You collected 3226 gold pieces.
You spent 2423 gold pieces at shops.

Inventory:

Hand Weapons
 a - a +7 broad axe of electrocution (weapon)
 b - the +9 morningstar "Reeklel" {flame, rElec rC+ Will+}
   (You bought it in a shop on level 3 of the Shoals)

   rC+:       It protects you from cold.
   rElec:     It insulates you from electricity.
   Will+:     It increases your willpower.
 h - the +2 dagger "Doap" {distort, rF+ Will++}
   (You found it on level 6 of the Dungeon)

   rF+:       It protects you from fire.
   Will++:    It greatly increases your willpower.
 F - a +0 broad axe of venom
 G - a +1 spectral war axe
 O - a +0 morningstar of holy wrath
Missiles
 g - 9 curare-tipped darts
 r - 12 javelins
 R - 49 boomerangs (quivered)
 W - 4 throwing nets
Armour
 k - a +1 pair of boots (worn)
 l - the +1 pair of gloves of Guboerph (worn) {rC+ Int+3}
   (You found it in an ice cave)

   Int+3:     It affects your intelligence (+3).
   rC+:       It protects you from cold.
 p - +5 gold dragon scales (worn)
 y - the +0 cloak "Moxzam" (worn) {rC+ Str+2}
   (You found it on level 5 of the Lair of Beasts)

   Str+2:     It affects your strength (+2).
   rC+:       It protects you from cold.
 H - a +2 kite shield of reflection (worn)
 M - a +1 helmet (worn)
Jewellery
 c - a +6 ring of intelligence
 e - a ring of resist corrosion
 i - the ring "Asiegije" {Wiz rN++ Int+3}
   (You took it off an imperial myrmidon in the Desolation of Salt)

   [ring of wizardry]

   Wiz:       It improves your spell success rate.
   Int+3:     It affects your intelligence (+3).
   rN++:      It greatly protects you from negative energy.
 t - a ring of willpower
 C - a ring of positive energy
 E - an amulet of the acrobat (around neck)
 L - a +5 ring of evasion (right hand)
 N - the ring of the Establishment {rC++ Dex+3 SInv}
   (You found it in the Desolation of Salt)

   [ring of see invisible]

   Dex+3:     It affects your dexterity (+3).
   rC++:      It greatly protects you from cold.
   SInv:      It lets you see invisible.
 Q - the ring "Kiresezy" (left hand) {Fly rF++ MP-9 Str+5}
   (You acquired it on level 2 of the Orcish Mines)

   [ring of flight]

   Str+5:     It affects your strength (+5).
   rF++:      It greatly protects you from fire.
   MP-9:      It affects your magic capacity (-9).
   Fly:       It grants you flight.
Wands
 q - a wand of digging (7)
 A - a wand of polymorph (26)
 B - a wand of paralysis (31)
 D - a wand of roots (38)
 I - a wand of mindburst (13)
 T - a wand of light (14)
Scrolls
 d - 7 scrolls of fog
 j - 4 scrolls of revelation
 n - a scroll of silence
 o - 6 scrolls of blinking
 x - 13 scrolls of teleportation
 K - 2 scrolls of summoning
 X - 4 scrolls of fear
Potions
 f - 4 potions of curing
 m - 12 potions of mutation
 s - a potion of invisibility
 v - 6 potions of haste
 w - 4 potions of enlightenment
 z - 3 potions of might
 J - 2 potions of ambrosia
 P - 4 potions of cancellation
 S - 5 potions of resistance
 U - 2 potions of berserk rage
Miscellaneous
 Z - a lightning rod (4/4)


   Skills:
 + Level 14.2 Fighting
 - Level 18.0(18.2) Axes
 + Level 5.5(12.9) Maces & Flails
 - Level 5.0 Throwing
 * Level 17.0 Armour
 - Level 5.0 Dodging
 + Level 10.9 Shields
 - Level 5.0 Spellcasting
 + Level 6.6 Conjurations
 - Level 8.0 Translocations
 + Level 6.6 Earth Magic
 - Level 5.0 Evocations


You had 22 spell levels left.
You knew the following spells:

 Your Spells              Type           Power      Damage    Failure   Level
a - Apportation           Tloc           76%        N/A       4%          1
s - Lesser Beckoning      Tloc           76%        N/A       6%          2
x - Stone Arrow           Conj/Erth      66%        3d11      22%         3

Your spell library contained the following spells:

 Spells                   Type           Power      Damage    Failure   Level
 Gell's Gravitas          Tloc           38%        N/A       12%         3
 Teleport Other           Tloc           38%        N/A       12%         3
 Foxfire                  Conj/Fire      76%        2x1d7     28%         1
 Sting                    Conj/Alch      76%        1d7       28%         1
 Static Discharge         Conj/Air       38%        3-5/arc   41%         2
 Iskenderun's Mystic Bla  Conj/Tloc      35%        2d8       50%         4
 Volatile Blastmotes      Fire/Tloc      44%        2d13      54%         3
 Brom's Barrelling Bould  Conj/Erth      33%        2d5       58%         4
 Dazzling Flash           Conj/Hex       38%        N/A       65%         3
 Hailstorm                Conj/Ice       19%        3d7       65%         3
 Freeze                   Ice            20%        1d4       73%         1
 Necrotise                Necr           20%        1d5       73%         1
 Slow                     Hex            20%        N/A       73%         1
 Summon Small Mammal      Summ           20%        N/A       73%         1
 Jinxbite                 Hex            10%        N/A       86%         2
 Mercury Vapours          Alch/Air       10%        N/A       86%         2
 Lee's Rapid Deconstruct  Erth           16%        3d10*     89%         5
 Iskenderun's Battlesphe  Conj           33%        2d9       90%         5
 Dimensional Bullseye     Hex/Tloc       11%        N/A       91%         4
 Vhi's Electric Charge    Tloc/Air       44%        N/A       91%         4
 Animate Armour           Summ/Erth      38%        N/A       95%         4
 Confusing Touch          Hex            5%         N/A       97%         3
 Frozen Ramparts          Ice            10%        1d2       97%         3
 Ozocubu's Armour         Ice            5%         N/A       97%         3
 Sigil of Binding         Hex            5%         N/A       97%         3
 Summon Ice Beast         Ice/Summ       5%         N/A       97%         3
 Tukima's Dance           Hex            5%         N/A       97%         3
 Vampiric Draining        Necr           5%         2d6       97%         3
 Summon Forest            Summ/Tloc      11%        N/A       99%         5
 Airstrike                Air            2%         2d(1-17)  100%        4
 Cause Fear               Hex            2%         N/A       100%        4
 Olgreb's Toxic Radiance  Alch           5%         N/A       100%        4
 Summon Lightning Spire   Summ/Air       5%         N/A       100%        4
 Alistair's Intoxication  Alch           3%         N/A       100%        5
 Arcjolt                  Conj/Air       9%         1d19      100%        5
 Fireball                 Conj/Fire      9%         3d6       100%        5
 Metabolic Englaciation   Hex/Ice        2%         N/A       100%        5
 Summon Mana Viper        Hex/Summ       5%         N/A       100%        5
 Yara's Violent Unravell  Hex/Alch       2%         3d3       100%        5
 Bombard                  Conj/Erth      16%        9d3       100%        6
 Conjure Ball Lightning   Conj/Air       9%         3x3d6     100%        6
 Plasma Beam              Fire/Air       2%         2x1d12    100%        6
 Sculpt Simulacrum        Ice/Alch       2%         N/A       100%        6
 Starburst                Conj/Fire      9%         6d5       100%        6
 Summon Cactus Giant      Summ           2%         N/A       100%        6
 Enfeeble                 Hex            2%         N/A       100%        7
 Orb of Destruction       Conj           16%        9d7       100%        7
 Ozocubu's Refrigeration  Ice            2%         4d8       100%        7
 Lehudib's Crystal Spear  Conj/Erth      16%        10d5      100%        8
 Maxwell's Capacitive Co  Air            2%         ∞         100%        8
 Chain Lightning          Conj/Air       9%         3d12      100%        9
 Dragon's Call            Summ           2%         N/A       100%        9
 Polar Vortex             Ice            2%         N/A       100%        9


Dungeon Overview and Level Annotations

Branches:
Dungeon (15/15)            Temple (0/1) D:5            Lair (5/5) D:10
 Shoals (4/4) Lair:3        Snake (4/4) Lair:3        Slime (0/5) Lair:5
    Orc (2/2) D:12            Elf (2/3) Orc:2        Vaults (0/5) D:14
 Depths (0/4) D:15         Bailey (visited)           IceCv (visited)
Volcano (visited)         Desolation (1/1)

Shops:
D:2 ?   D:14 (   Orc:2 [(:?   Shoals:3 *(**   Snake:2 !   Snake:4 [

Portals:
Trove: D:11 (give +4 ice dragon scales)

Annotations:
D:3 2 runed translucent doors, Marvel's ghost, amateur GrFi
D:9 3 runed translucent doors, Doomgape's ghost, novice TrFi
Lair:2 2 transporters, exclusion: ice statue, ripuliukko's ghost, journeyman GrEE
Lair:3 exclusion: oklob plant
Lair:5 exclusion: 2 oklob plants
Snake:1 3 runed translucent doors, Heartofthecards's ghost, journeyman DsBe
Snake:3 Roxanne


Innate Abilities, Weirdness & Mutations

You have an increased reservoir of magic. (+10% MP)
You shall have no god before yourself.
Your divine heritage dramatically boosts your attributes as you level up.


Message History

You block the guardian serpent's attack.
You closely miss the imperial myrmidon.
The imperial myrmidon is severely wounded.
You hit the guardian serpent.
The guardian serpent hits you but does no damage.
You block the imperial myrmidon's attack.
You completely miss the imperial myrmidon.
The imperial myrmidon is severely wounded.
You closely miss the guardian serpent. The guardian serpent barely misses you.
The imperial myrmidon misses you.
You barely miss the imperial myrmidon.
The imperial myrmidon is severely wounded.
You closely miss the guardian serpent.
The guardian serpent casts a spell at you.
The bolt of poison misses you.
The imperial myrmidon hits you with a +0 scimitar.
* * * LOW HITPOINT WARNING * * *
You miss the imperial myrmidon.
The imperial myrmidon is severely wounded.
You slice the guardian serpent!!
You kill the guardian serpent!
The imperial myrmidon gestures at you while chanting.
You barely resist. You slash the imperial myrmidon!
The imperial myrmidon is almost dead.
The imperial myrmidon hits you with a +0 scimitar!!
* * * LOW HITPOINT WARNING * * *
You miss the imperial myrmidon.
The imperial myrmidon is almost dead.
The imperial myrmidon gestures at you while chanting.
You struggle to resist.
You slash the imperial myrmidon!
The imperial myrmidon is almost dead.
The imperial myrmidon casts a spell at you.
You are confused.
The imperial myrmidon gestures at you while chanting.
Your body is wracked with pain!
* * * LOW HITPOINT WARNING * * *
You feel better.
The imperial myrmidon hits you with a +0 scimitar!
You die...

###############
################ ######
################# . .....
................. .. ..§§
.....§...........
...§§§.§.................
...§§§...§§§§........§§..
....§§§§§8§♣.........§§..
...§§§§§§§§..........§§..
.§§§§a@§§..........§§§§
..§.§.§§§§§..........§§§.
......§.§§§.........)...§
.....§#§§§.######..##...§
........§§.#...#....#.#§.
...........#..[#..#...#♣.
.....§.....#[.........#§.
...........##.##...#.#...
...........#..........#§§
.........#.........#...
.........##)##...#.##..


You could see an imperial myrmidon.

Vanquished Creatures
  A shard shrike (IceCv)
  Saint Roka (Snake:2)
  Nikola (Shoals:2)
  Jorgrun (Snake:2)
  Mlioglotl (Snake:3)
  2 sphinxes (Shoals:4)
  Polyphemus (Shoals:2)
  Aizul (Snake:3)
  Donald (Snake:1)
  6 nagarajas
  2 deep elf sorcerers
  An imperial myrmidon (Desolation)
  Louise (Elf:1)
  2 orc warlords
  A very ugly thing (D:15)
  2 deep elf annihilators (Elf:1)
  A white draconian (IceCv)
  2 halazid warlocks (Desolation)
  Azrael (Snake:2)
  A minotaur (Shoals:4)
  A red draconian (Volcano)
  A deep elf death mage (Elf:1)
  3 ragged hierophants (Desolation)
  2 merfolk javelineers (Shoals:4)
  7 merfolk impalers
  An entropy weaver (shapeshifter) (D:14)
  A rakshasa (D:15)
  Harold (Lair:1)
  8 vault guards
  2 ice dragons
  3 servants of whispers (Desolation)
  8 hydras
  4 salamander tyrants
  5 centaur warriors
  A merfolk avatar (Shoals:1)
  2 ironbound frosthearts (IceCv)
  3 peacekeepers
  4 boulder beetles
  11 anacondas
  3 catoblepae
  12 satyrs
  A merfolk aquamancer (Shoals:1)
  3 alligator snapping turtles
  An ogre mage (D:15)
  14 two-headed ogres
  A vampire mage (D:13)
  Erica (Orc:1)
  20 naga warriors
  A tengu warrior (Shoals:3)
  A hell hog (Lair:5)
  An orc high priest (Orc:2)
  8 dancing weapons
  7 shock serpents
  10 naga sharpshooters
  10 death yaks
  Nergalle (Orc:1)
  5 deep elf knights
  5 skysharks
  5 skeletal warriors
  Lodul (D:10)
  A fire crab (Lair:5)
  13 mana vipers
  7 salamander mystics
  11 deep elf archers (Elf:1)
  9 naga ritualists
  6 sea snakes
  A glowing orange brain (D:15)
  An orange crystal statue (IceCv)
  An obsidian statue (Volcano)
  A swamp dragon (Lair:5)
  4 ironbound convokers (Desolation)
  2 orc knights
  Pikel (D:7)
  18 deep elf pyromancers
  10 deep elf zephyrmancers
  3 harpies (Shoals:4)
  2 lindwurms
  30 ugly things
  3 orc sorcerers
  14 manticores
  28 salamanders
  21 fauns
  5 cyclopes
  9 elephants
  4 kobold blastminers
  8 guardian serpents
  10 slime creatures
  40 black mambas
  2 ice statues (Shoals:1)
  8 merfolk sirens
  2 molten gargoyles (Desolation)
  3 water nymphs
  2 torpor snails
  17 naga magi
  9 cane toads
  Maggie (D:8)
  2 gargoyles
  2 yaktaurs (Volcano)
  An efreet (D:13)
  8 komodo dragons
  A tengu conjurer (Shoals:3)
  18 rime drakes
  5 trolls
  25 merfolk
  A troll (shapeshifter) (D:15)
  Grinder (D:4)
  24 polar bears
  8 wind drakes
  8 blink frogs
  3 raiju (Lair:5)
  11 dream sheep
  18 saltlings (Desolation)
  9 snapping turtles
  An air elemental (Orc:2)
  9 water elementals
  5 spriggans
  A centaur simulacrum (D:14)
  A spriggan (shapeshifter) (D:15)
  33 yaks
  4 fire bats (Volcano)
  2 shadows
  8 basilisks
  4 wyverns
  7 wargs
  A redback (shapeshifter) (D:15)
  6 steam dragons
  Grum (D:8)
  13 vampire mosquitoes
  An acid dragon (Lair:5)
  47 nagas
  21 hell hounds
  12 water moccasins
  5 swamp drakes (Lair:5)
  3 ice beasts
  38 orc warriors
  14 black bears
  25 ogres
  15 centaurs
  2 lemures (D:7)
  34 wolves
  3 phantoms
  6 kobold brigands
  17 bullfrogs
  2 earth elementals
  7 scorpions
  2 gnoll sergeants
  6 wights
  8 howler monkeys
  15 killer bees
  4 lava snakes (Volcano)
  8 jellies
  3 hounds
  A bombardier beetle (D:4)
  2 gnoll boudas
  24 orc priests
  10 iguanas
  32 orc wizards
  2 sleepcaps
  7 hell rats (Lair:3)
  20 gnolls
  8 adders
  2 ufetubi (D:6)
  A dart slug (D:3)
  2 ribbon worms (D:2)
  93 orcs
  4 bats
  9 endoplasms
  6 giant cockroaches
  11 goblins
  10 hobgoblins
  4 jackals (D:4)
  12 kobolds
  2 quokkas
  6 ball pythons
  2 frilled lizards (D:1)
  7 rats
1332 creatures vanquished.

Vanquished Creatures (others)
  A deep elf knight (Elf:1)
  2 guardian serpents (Desolation)
  A gnoll (D:8)
  45 spectral weapons
49 creatures vanquished.

Grand Total: 1381 creatures vanquished

Notes
Turn   | Place    | Note
-------+----------+-------------------------------------------
     0 | D:1      | mursu the Demigod Fighter began the quest for the Orb.
     0 | D:1      | Reached XP level 1. HP: 18/18 MP: 3/3
    25 | D:1      | Reached skill level 2 in Axes
   152 | D:1      | Reached XP level 2. HP: 25/25 MP: 4/4
   171 | D:1      | Reached skill level 3 in Axes
   544 | D:2      | Reached XP level 3. HP: 30/30 MP: 5/5
   614 | D:2      | Found The Oracle's Delphic Readings.
   912 | D:2      | Identified the +8 ring mail "Geudis" {+Inv Int-3 Dex+7}
   960 | D:2      | Reached skill level 4 in Axes
  1177 | D:2      | Reached XP level 4. HP: 32/37 MP: 4/6
  1646 | D:3      | Found a runed translucent door.
  1649 | D:3      | Noticed Marvel's ghost (amateur GrFi)
  1976 | D:3      | Found a runed translucent door.
  2069 | D:3      | Reached skill level 5 in Axes
  2495 | D:4      | Reached XP level 5. HP: 38/42 MP: 7/7
  2608 | D:4      | Noticed an ogre
  2639 | D:4      | Noticed an ogre
  2658 | D:4      | Noticed Grinder
  2661 | D:4      | Noticed a black bear
  2671 | D:4      | Killed a black bear
  2672 | D:4      | Reached skill level 6 in Axes
  2672 | D:4      | Reached XP level 6. HP: 40/50 MP: 6/8
  2685 | D:4      | Killed Grinder
  2686 | D:4      | Reached XP level 7. HP: 26/56 MP: 5/9
  2805 | D:4      | Reached skill level 7 in Axes
  3455 | D:5      | Entered Level 5 of the Dungeon
  3504 | D:5      | Reached skill level 5 in Armour
  3634 | D:5      | Reached skill level 8 in Axes
  3643 | D:5      | Reached XP level 8. HP: 60/62 MP: 10/10
  3761 | D:5      | Reached skill level 9 in Axes
  4122 | D:5      | Found a staircase to the Ecumenical Temple.
  4381 | D:6      | Reached XP level 9. HP: 68/68 MP: 11/11
  4514 | D:6      | Reached skill level 10 in Axes
  4541 | D:6      | Identified the +2 dagger "Doap" {distort, rF+ Will++}
  5347 | D:7      | Noticed Pikel
  5357 | D:7      | Killed Pikel
  5360 | D:7      | Reached skill level 11 in Axes
  5546 | D:7      | Reached XP level 10. HP: 78/78 MP: 13/13
  6092 | D:8      | Found a flagged portal.
  6128 | Bailey   | Entered a bailey
  6369 | Bailey   | Noticed a two-headed ogre
  6383 | Bailey   | Killed a two-headed ogre
  6384 | Bailey   | Reached skill level 1 in Evocations
  6473 | Bailey   | Identified the +1 scimitar "Seillaxt" {freeze, rF+ Int+2}
  6595 | D:8      | Reached skill level 5 in Fighting
  6633 | D:8      | Noticed a two-headed ogre
  6642 | D:8      | Killed a two-headed ogre
  6643 | D:8      | Reached skill level 12 in Axes
  6643 | D:8      | Reached skill level 5 in Shields
  6850 | D:8      | Noticed a two-headed ogre
  6857 | D:8      | Killed a two-headed ogre
  6995 | D:8      | Noticed Grum
  7011 | D:8      | Reached XP level 11. HP: 88/88 MP: 14/14
  7016 | D:8      | Killed Grum
  7055 | D:8      | Noticed Maggie
  7068 | D:8      | Killed Maggie
  7766 | D:9      | Found a runed translucent gate.
  7766 | D:9      | Found a runed translucent gate.
  7766 | D:9      | Found a runed translucent gate.
  7772 | D:9      | Noticed Doomgape's ghost (novice TrFi)
  8277 | D:10     | Entered Level 10 of the Dungeon
  8278 | D:10     | Noticed a two-headed ogre
  8285 | D:10     | Killed a two-headed ogre
  8465 | D:10     | Noticed a two-headed ogre
  8474 | D:10     | Killed a two-headed ogre
  8697 | D:10     | Found a staircase to the Lair.
  8765 | D:10     | Noticed Lodul
  8779 | D:10     | Reached skill level 13 in Axes
  8782 | D:10     | Killed Lodul
  9024 | D:10     | Noticed a two-headed ogre
  9031 | D:10     | Killed a two-headed ogre
  9032 | D:10     | You fall into a shaft and drop 1 floor!
  9075 | D:11     | Noticed a five-headed hydra
  9533 | Lair:1   | Entered Level 1 of the Lair of Beasts
  9594 | D:10     | Reached XP level 12. HP: 58/97 MP: 9/15
  9798 | Lair:1   | Noticed Harold
  9815 | Lair:1   | Killed Harold
  9984 | Lair:1   | Reached skill level 5 in Evocations
 10378 | Lair:2   | Noticed a five-headed hydra
 10424 | Lair:1   | Killed a five-headed hydra
 10425 | Lair:1   | Reached skill level 14 in Axes
 10652 | Lair:2   | Reached skill level 10 in Armour
 10889 | Lair:2   | Found a transporter.
 10899 | Lair:2   | Found a transporter.
 10900 | Lair:2   | Noticed ripuliukko's ghost (journeyman GrEE)
 11252 | Lair:3   | Noticed a boulder beetle
 11264 | Lair:3   | Killed a boulder beetle
 11333 | Lair:3   | Found a staircase to the Shoals.
 11470 | Lair:3   | Found a dark tunnel.
 11481 | Volcano  | Entered a volcano
 11649 | Volcano  | Noticed a centaur warrior
 11652 | Volcano  | Killed a centaur warrior
 11653 | Volcano  | Noticed a red draconian
 11667 | Volcano  | Killed a red draconian
 11944 | Lair:3   | Learned a level 2 spell: Lesser Beckoning
 12160 | Lair:3   | Reached XP level 13. HP: 107/107 MP: 16/16
 12192 | Lair:3   | Reached skill level 1 in Translocations
 12394 | Lair:3   | Found a staircase to the Snake Pit.
 12955 | Lair:4   | Reached skill level 15 in Axes
 13975 | Lair:5   | Entered Level 5 of the Lair of Beasts
 14002 | Lair:5   | Found a staircase to the Slime Pits.
 14140 | Lair:5   | Learned a level 1 spell: Apportation
 14900 | Lair:5   | Reached XP level 14. HP: 110/118 MP: 17/17
 15165 | Lair:5   | Identified the +0 cloak "Moxzam" {rC+ Str+2}
 15731 | Lair:5   | Reached skill level 16 in Axes
 16620 | D:11     | Found a portal to a secret trove of treasure.
 17025 | D:11     | Reached skill level 5 in Translocations
 17253 | D:12     | Found Fuwiesa's Magic Scroll Boutique.
 17402 | D:12     | Found a staircase to the Orcish Mines.
 17747 | D:12     | Learned a level 3 spell: Stone Arrow
 19045 | D:14     | Found Hugeliut's Antique Weapon Shoppe.
 19076 | D:14     | Reached skill level 10 in Fighting
 19497 | D:14     | Reached skill level 10 in Shields
 19813 | D:14     | Found a gate to the Vaults.
 20107 | D:14     | Reached skill level 17 in Axes
 20162 | D:14     | Reached XP level 15. HP: 128/128 MP: 18/18
 20211 | D:14     | Reached skill level 1 in Conjurations
 20211 | D:14     | Reached skill level 1 in Earth Magic
 20543 | Orc:1    | Entered Level 1 of the Orcish Mines
 20592 | Orc:1    | Noticed Erica
 20592 | Orc:1    | Noticed Nergalle
 20625 | Orc:1    | Killed Nergalle
 20627 | Orc:1    | Killed Erica
 21220 | Orc:2    | Entered Level 2 of the Orcish Mines
 21322 | Orc:2    | Found Lirgh's Magic Scroll Shop.
 21755 | Orc:2    | Found a staircase to the Elven Halls.
 21963 | Orc:2    | Found Ubusyusm's Book Boutique.
 22391 | Orc:2    | Found Giuts's Antique Weapon Shop.
 22395 | Orc:2    | Found Keps's Antique Armour Boutique.
 22407 | Orc:2    | Bought a translucent ring mail for 279 gold pieces
 22407 | Orc:2    | Identified the +1 ring mail of Sin {rC- Will++ Int+3} (You
                  | bought it in a shop on level 2 of the Orcish Mines)
 22453 | Orc:2    | Bought a scroll of identify for 32 gold pieces
 22453 | Orc:2    | Bought a scroll of identify for 32 gold pieces
 22453 | Orc:2    | Bought a scroll of teleportation for 48 gold pieces
 22453 | Orc:2    | Bought a scroll of teleportation for 48 gold pieces
 22466 | Orc:2    | Identified a scroll of acquirement
 22466 | Orc:2    | Acquired the ring "Kiresezy" {Fly rF++ MP-9 Str+5}
 22678 | Snake:1  | Entered Level 1 of the Snake Pit
 23006 | Snake:1  | Noticed a nagaraja
 23016 | Snake:1  | Killed a nagaraja
 23366 | Snake:1  | Noticed a nagaraja
 23404 | Snake:1  | Killed a nagaraja
 23983 | Snake:1  | Found a runed translucent gate.
 23984 | Snake:1  | Found a runed translucent gate.
 23985 | Snake:1  | Found a runed translucent gate.
 23991 | Snake:1  | Noticed Heartofthecards's ghost (journeyman DsBe)
 24480 | Snake:1  | Noticed Donald
 24495 | Snake:1  | Killed Donald
 24988 | Snake:2  | Found Bots's Distillery.
 25236 | Snake:2  | Reached skill level 18 in Axes
 25467 | Snake:2  | Reached skill level 1 in Spellcasting
 25522 | Snake:2  | Reached XP level 16. HP: 126/137 MP: 12/21
 25698 | Snake:2  | Reached skill level 1 in Dodging
 26424 | Snake:2  | Reached skill level 5 in Earth Magic
 26456 | Snake:3  | Reached skill level 5 in Conjurations
 26456 | Snake:3  | Noticed Saint Roka
 26550 | Snake:2  | Killed Saint Roka
 26881 | Snake:3  | Reached skill level 1 in Throwing
 27261 | Snake:3  | Noticed Roxanne
 27666 | Snake:3  | Noticed Mlioglotl
 27681 | Snake:3  | Killed Mlioglotl
 27687 | Snake:3  | Noticed Azrael
 27699 | Snake:3  | Noticed Jorgrun
 27734 | Snake:2  | Killed Azrael
 27937 | Snake:2  | Killed Jorgrun
 28105 | Snake:3  | Identified the serpent talisman of Taod Xogg {rCorr Int+3}
 28105 | Snake:3  | Noticed Aizul
 28129 | Snake:3  | Killed Aizul
 28361 | Snake:4  | Entered Level 4 of the Snake Pit
 29835 | Snake:4  | Found Zhao Yu's Dragon-Slaying Spoils.
 29849 | Snake:4  | Bought +0 gold dragon scales for 1040 gold pieces
 30494 | Snake:4  | Reached XP level 17. HP: 118/147 MP: 15/28
 31592 | Snake:4  | Reached skill level 5 in Dodging
 31758 | Snake:4  | Got a serpentine rune of Zot
 31957 | Shoals:1 | Entered Level 1 of the Shoals
 32030 | Shoals:1 | Reached skill level 5 in Spellcasting
 32156 | Shoals:1 | Found a glacial archway.
 32174 | IceCv    | Entered an ice cave
 32342 | IceCv    | Reached skill level 5 in Throwing
 32366 | IceCv    | Identified the +1 pair of gloves of Guboerph {rC+ Int+3}
 32781 | IceCv    | Noticed a shard shrike
 32800 | IceCv    | Killed a shard shrike
 32879 | IceCv    | Identified the scarf "Usosoib" {harm, rC++}
 33283 | Shoals:2 | Reached skill level 15 in Armour
 33681 | Shoals:3 | Found Demezaucw's Assorted Antiques.
 33712 | Shoals:3 | Bought a potion of haste for 370 gold pieces
 33712 | Shoals:3 | Bought a potion of berserk rage for 185 gold pieces
 33712 | Shoals:3 | Bought an iridescent morningstar for 333 gold pieces
 33712 | Shoals:3 | Identified the +9 morningstar "Reeklel" {flame, rElec rC+
                  | Will+} (You bought it in a shop on level 3 of the Shoals)
 33740 | Shoals:3 | Found Naez's General Store.
 33768 | Shoals:3 | Noticed Nikola
 33940 | Shoals:3 | Noticed Polyphemus
 34039 | Shoals:2 | Killed Polyphemus
 34081 | Shoals:2 | Killed Nikola
 34082 | Shoals:2 | Reached skill level 1 in Maces & Flails
 34783 | Shoals:3 | Bought a potion of might for 56 gold pieces
 34880 | Shoals:3 | Found Pimai's General Store.
 34924 | Shoals:3 | Found Kautrime's Weapon Shop.
 35218 | Shoals:4 | Entered Level 4 of the Shoals
 35298 | Shoals:4 | Reached XP level 18. HP: 110/158 MP: 12/30
 36547 | Shoals:4 | Identified the +6 shortbow "Palest" {freeze, Str+3}
 36574 | Shoals:4 | Got a barnacled rune of Zot
 36635 | Shoals:4 | Identified the +9 short sword "Epusym" {pain, Will+ Int+5}
 37140 | D:15     | Entered Level 15 of the Dungeon
 37489 | D:15     | Found a staircase to the Depths.
 38203 | Elf:1    | Entered Level 1 of the Elven Halls
 38398 | Elf:1    | Paralysed by an air elemental for 1 turns
 38401 | Orc:2    | Paralysed by an air elemental for 1 turns
 38582 | Elf:1    | Got Cewa's Beginning Course on Witchery
 39210 | Elf:1    | Reached skill level 5 in Maces & Flails
 39979 | Elf:2    | Noticed Louise
 39990 | Elf:1    | Killed Louise
 40277 | Elf:2    | Found a crumbling gateway.
 40303 | Desolati | Entered the Desolation of Salt
 40468 | Desolati | Identified the ring "Asiegije" {Wiz rN++ Int+3}
 40482 | Desolati | Reached XP level 19. HP: 65/167 MP: 22/31
 40769 | Desolati | Got Juosacam's Disquisition on Turbulent Bruises
 40804 | Desolati | Identified the ring of the Establishment {rC++ Dex+3 SInv}
 40890 | Desolati | HP: 6/140 [halazid warlock/bolt of negative energy (17)]
 40905 | Desolati | Slain by an imperial myrmidon

Illustrated notes

Levels and vault maps discovered:
D:1:      amcnicky_arrival_single_pillar, layout_basic
D:2:      layout_basic, serial_forest, infiniplex_forest_clump_small,
          infiniplex_forest_split, infiniplex_forest_clump_double,
          infiniplex_forest_straight_3, infiniplex_forest_lined_room_2,
          infiniplex_forest_end_1, infiniplex_forest_straight_2,
          nicolae_nh_oracle_at_delphi
D:3:      layout_basic, ebering_ghost_sewer_f, hex_intersection
D:4:      layout_loops_ring, uniq_grinder
D:5:      cheibrodos_fzero, layout_rooms, minmay_temple_entry_large_hall
D:6:      layout_loops_ring, mainiacjoe_overflow_catch_the_wave,
          chequers_serial_rivers_marsh
D:7:      minmay_evil_eye, layout_basic, trog_antimagical, uniq_pikel
D:8:      layout_layer_cave, enter_bailey_5, kennysheep_kite_vault, uniq_maggie,
          uniq_grum
D:9:      layout_cave_pods, gammafunk_ghost_necromancy
D:10:     layout_cave_pods, erik_lair_orcish_takeover, serial_glass,
          glass_columns_a, glass_columns_b, uniq_lodul
D:11:     layout_basic, nicolae_trove_entry_crossroad,
          kennysheep_generic_room_10
D:12:     layout_roguey, david_orc_3, serial_shops, nicolae_diamond_shop
D:13:     layout_loops_ring, kennysheep_big_empty_room, nzn_life_drinkers
D:14:     layout_cave_pools, erik_vaults_2, skrybe_limestone_x, serial_shops,
          shop, chequers_decorated_corner
D:15:     gammafunk_enter_depths_forms, layout_basic,
          hellmonk_sif_muna_bookshelves
Lair:1:   layout_misc_corridors, grunt_megastairs_3, uniq_harold
Lair:2:   layout_cave_pods, nzn_ghost_randoct
Lair:3:   layout_roguey, minmay_shoals_entry_centaurs,
          alex1729_snake_entry_snake, enter_volcano_2
Lair:4:   layout_gridlike, grunt_forest_large_clearing_hut, grunt_megastairs_2
Lair:5:   hangedman_lair_caniforms_friends, layout_regular_city,
          guppyfry_lair_end_dragon, minmay_slime_entry_oklob_open,
          serial_forest, infiniplex_forest_clump_double,
          infiniplex_forest_straight_1, infiniplex_forest_lined_3,
          infiniplex_forest_clump_small, nicolae_lair_grazing_beasts
          [nicolae_sub_lair_graze_edge, nicolae_sub_lair_graze_edge,
          nicolae_sub_lair_graze_edge, nicolae_sub_lair_graze_edge]
Shoals:1: layout_shoals, portal_ice_cave_entry_ice_statue_two
Shoals:2: layout_shoals
Shoals:3: cheibrodos_shoals_oceanic_diplomacy, layout_shoals, serial_shops,
          nicolae_shop_tiny_glass, shop, shop, shop, kb_tengu_band,
          uniq_polyphemus, uniq_nikola
Shoals:4: shoals_end_hellmonk_lost_city
Snake:1:  nicolae_snake_hallway, layout_chambers, gammafunk_ghost_split,
          grunt_megastairs_5, uniq_donald
Snake:2:  layout_misc_corridors, serial_bayou_shore_a, minmay_shop_star,
          lemuel_fruit_tree
Snake:3:  layout_rooms, nicolae_snake_salamander_jacuzzi, uniq_mlioglotl,
          uniq_saint_roka, uniq_aizul, uniq_azrael, uniq_roxanne, uniq_jorgrun
Snake:4:  grunt_snake_rune_pools, layout_onion_interference,
          nicolae_shop_dragon_depot
Orc:1:    layout_caves, uniq_nergalle, uniq_erica
Orc:2:    grunt_orc_community_town_hall, layout_caves,
          grunt_orc_community_big_house_1, grunt_orc_community_big_house_2,
          grunt_orc_community_house_1, grunt_orc_community_house_2,
          grunt_orc_community_house_1, grunt_orc_community_house_3,
          grunt_orc_community_house_1, regret_index_minedec_shroomtown_chain
Elf:1:    elf_arrival_002, layout_loops_cross, nicolae_elf_crossing_hall,
          nicolae_elf_m_pinch
Elf:2:    nicolae_elf_blades_crystal_corner, layout_gridlike,
          portal_desolation_entry_twin_temple, basic_altar,
          nicolae_elf_hall_of_bonks, uniq_louise
Desolation

Skill      XL: |  1  2  3  4  5  6  7  8  9 10 11 12 13 14 15 16 17 18 19 |
---------------+----------------------------------------------------------+-----
Axes           | 2 3 4 5 6 8 9 11 12 13 14 15 17 18 | 18.0
Armour         | 3 4 5 6 7 8 9 10 11 12 13 15 16 17 | 17.0
Fighting       | 4 5 6 8 9 10 11 12 13 14 | 14.2
Shields        | 4 5 6 7 9 10 | 10.9
Evocations     | 2 4 5 |  5.0
Translocations | 4 5 6 8 |  8.0
Conjurations   | 4 5 6 |  6.6
Earth Magic    | 4 5 6 |  6.6
Spellcasting   | 1 4 5 |  5.0
Dodging        | 4 5 |  5.0
Throwing       | 4 5 |  5.0
Maces & Flails | 2 5 |  5.5

Action                     |  1- 3 |  4- 6 |  7- 9 | 10-12 | 13-15 | 16-18 | 19-21 || total
---------------------------+-------+-------+-------+-------+-------+-------+-------++-------
  Melee: War axe           |   110 |   125 |   297 |   557 |  1285 |  1524 |       ||  3898
         Morningstar       |       |       |       |     7 |     8 |    80 |       ||    95
         Flail             |       |       |       |       |    37 |       |       ||    37
         Broad axe         |       |       |       |       |       |   166 |    53 ||   219
  Throw: Javelin           |       |       |     2 |     1 |       |       |       ||     3
         Dart              |       |       |       |     3 |       |       |       ||     3
         Boomerang         |       |       |       |       |     8 |     8 |       ||    16
   Cast: Apportation       |       |       |       |       |     3 |    10 |       ||    13
         Lesser Beckoning  |       |       |       |       |    10 |    70 |     1 ||    81
         Stone Arrow       |       |       |       |       |     1 |     7 |       ||     8
  Evoke: Wand              |       |       |       |       |       |     1 |       ||     1
    Use: Potion            |     1 |     1 |       |       |     6 |    10 |     4 ||    22
         Scroll            |       |       |    15 |     3 |    13 |    17 |       ||    48
   Stab: Sleeping          |       |     1 |       |       |       |       |       ||     1
         Distracted        |       |       |       |    16 |    30 |    41 |       ||    87
         Invisible         |       |       |       |       |       |     2 |       ||     2
 Armour: Scale mail        |    60 |       |       |       |       |       |       ||    60
         Ring mail         |    21 |    80 |   166 |   216 |   563 |   199 |       ||  1245
         Gold dragon scale |       |       |       |       |       |   663 |    27 ||   690
  Dodge: Dodged            |    37 |    52 |    91 |   202 |   445 |   513 |    15 ||  1355
  Block: Buckler           |    19 |    35 |    60 |     8 |       |       |       ||   122
         Kite shield       |       |       |       |   228 |   551 |   819 |    22 ||  1620
         Reflection        |       |       |       |       |     9 |   115 |       ||   124
